 Dungeon Crawl Stone Soup version 0.26.1-2-gb8aa6d0cf2 (webtiles) character file.

Game seed: 12540079549629408225

25 Gadfly the Magician (level 3, 0/20 HPs)
             Began as a Tengu Hedge Wizard on Feb 19, 2021.
             Slain by a jackal (2 damage)
             ... on level 1 of the Dungeon.
             The game lasted 00:01:34 (712 turns).

Gadfly the Magician (Tengu Hedge Wizard)             Turns: 712, Time: 00:01:34

Health: 0/20       AC:  2    Str: 10    XL:     3   Next: 4%
Magic:  5/8        EV: 13    Int: 15    God:
Gold:   18         SH:  0    Dex: 13    Spells: 7/8 levels left

rFire    . . .     SeeInvis .   g - +0 mace
rCold    . . .     Faith    .   (no shield)
rNeg     . . .     Spirit   .   b - +0 robe
rPois    .         Reflect  .   c - +0 hat
rElec    .         Harm     .   (no cloak)
rCorr    .         Rampage  .   (no gloves)
Will     .....                  (boots unavailable)
Stlth    ++........             (no amulet)
HPRegen  0.06/turn              (no ring)
MPRegen  0.11/turn              (no ring)

@: very slightly contaminated
A: beak, talons 3
a: no special abilities


You were on level 1 of the Dungeon.
You visited 1 branch of the dungeon, and saw 1 of its levels.

You collected 18 gold pieces.

Inventory:

Hand Weapons
 g - a +0 mace (weapon)
Armour
 b - a +0 robe (worn)
 c - a +0 hat (worn)
Scrolls
 d - a scroll of identify {unknown}
 e - a scroll of amnesia {unknown}
 f - a scroll of teleportation {unknown}


   Skills:
 + Level 0.4 Fighting
 * Level 2.5 Dodging
 - Level 2.0 Stealth
 + Level 3.0 Spellcasting
 * Level 1.9 Conjurations
 * Level 1.8 Summonings
 - Level 0.7 Translocations
 * Level 1.1 Air Magic
 * Level 0.7 Evocations


You had 7 spell levels left.
You knew the following spells:

 Your Spells              Type           Power        Failure   Level
a - Magic Dart            Conj           32%          9%          1

Your spell library contained the following spells:

 Spells                   Type           Power        Failure   Level
 Call Imp                 Summ           7%           14%         2
 Blink                    Tloc           N/A          22%         2
 Slow                     Hex            2%           30%         2
 Mephitic Cloud           Conj/Pois/Air  5%           36%         3
 Conjure Flame            Conj/Fire      5%           38%         3


Dungeon Overview and Level Annotations

Branches:
Dungeon (1/15)

Altars:


Innate Abilities, Weirdness & Mutations

You have a beak for a mouth.
You have claws for feet.


Message History

You feel clever.
You barely miss the jackal. You claw the jackal.
The jackal is almost dead.
The jackal closely misses you. The jackal barely misses you.
You closely miss the jackal.
The jackal is almost dead.
The jackal bites you.
* * * LOW HITPOINT WARNING * * *
The jackal barely misses you.
You hit the jackal.
You kill the jackal!
Casting: Magic Dart (safe; 9% risk of failure)
Confirm with . or Enter, or press ? or * to list all spells.
Aiming: Magic Dart (safe; 9% risk of failure)
Press: ? - help, Shift-Dir - straight line, f - jackal
Aim: a jackal (0% to evade)
You miscast Magic Dart.
You are very lightly contaminated with residual magic.
Nothing appears to happen.
The jackal bites you.
You die...

≈≈♣≈gPP.....# ###.##.
PPP♣≈≈≈P≈...#......#)#..#.
P≈P≈♣h≈P..#.....##.##.##
P≈≈h≈P≈gl#.....#...#..#
#≈PPP≈P##....##...##.#
#.≈..P##....#.....#..
########...# ...#.#....)#..
........†#######.#....†.....
###....>.h@.........#†.....
#.....###.####....##.####
#.....# #.# ##...##.....
#.....###.#####..###..##.
####......##..........##.
#...............#..##.
#......##...##..#..##.
#.....(####.#......##.
######## #.#...#.#...


You could see a jackal.

Vanquished Creatures
  An ooze (D:1)
  A leopard gecko (D:1)
  3 goblins (D:1)
  5 hobgoblins (D:1)
  2 jackals (D:1)
  5 bats (D:1)
  2 rats (D:1)
19 creatures vanquished.

Vanquished Creatures (others)
  10 plants (D:1)
10 creatures vanquished.

Grand Total: 29 creatures vanquished

Notes
Turn   | Place    | Note
-------+----------+-------------------------------------------
     0 | D:1      | Gadfly the Tengu Hedge Wizard began the quest for the Orb.
     0 | D:1      | Reached XP level 1. HP: 10/10 MP: 5/5
   278 | D:1      | Reached XP level 2. HP: 15/15 MP: 1/7
   363 | D:1      | Reached skill level 1 in Air Magic
   709 | D:1      | Reached XP level 3. HP: 2/20 MP: 6/8
   710 | D:1      | HP: 1/20 [jackal (1)]
   712 | D:1      | Slain by a jackal

Illustrated notes

Levels and vault maps discovered:
D:1:      evilmike_arrival_rings, layout_basic, serial_bayou_lagoon_a,
          minmay_unequal

Skill      XL: |  1  2 |
---------------+-------+-----
Air Magic      | 1 |  1.1
Fighting       | |  0.4
Dodging        | |  2.5
Stealth        | |  2.0
Spellcasting   | |  3.0
Conjurations   | |  1.9
Summonings     | |  1.8
Translocations | |  0.7
Evocations     | |  0.7

Action                   || total
-------------------------++-------
Melee: Dagger            ||    16
       Kick              ||     6
       Mace              ||    12
       Peck              ||     7
 Cast: Magic Dart        ||    21
 Stab: Sleeping          ||     1
Dodge: Dodged            ||    21
